[Event "44th Chess Olympiad Open 2022"]
[Site "Chennai"]
[Date "2022.08.01"]
[Round "4.30"]
[White "Chinchilla Miranda, Eugenio"]
[Black "Dobrovoljc, Vid"]
[Result "1/2-1/2"]
[WhiteElo "2206"]
[BlackElo "2398"]
[Annotator "TA"]
[PlyCount "118"]
[EventDate "2022.??.??"]
[TimeControl "60"]

1. d4 Nf6 2. c4 e6 3. Nc3 Bb4 4. Qc2 O-O 5. e4 d5 6. e5 Ne4 7. Bd3 c5 $1 8. Nge2 {[%emt 0:00:14] E32:
Nimzo-Indian: Classical (4 Qc2): 4...0-0.} cxd4 9. Nxd4 Nd7 10. Bf4 Qh4 11. g3 Qh3 12. Bf1 {[%emt 0:04:50]
Inhibits Qg2.} Qh5 $36 {[%emt 0:02:30] [#] Black has the initiative.} 13. f3
$146 ({Predecessor:} 13. Be2 Qg6 14. Rc1 dxc4 15. Bxc4 Nxc3
16. bxc3 Qxc2 17. Rxc2 Be7 18. h4 Nb6 19. Bb3 {0-1 (42) Bendana Aragon,J (2280)
-Bresadola,G (2349) ICCF email 2014}) 13... Nxc3 14. bxc3 Ba3 (14... Bc5 $15 15. g4 (15. cxd5 Nxe5 16.
O-O-O Ng6 $17) 15... Qh4+ 16. Bg3 Qg5) 15. g4 $11 Qh4+ 16. Bg3 Qg5 17. f4 ({White should try} 17. cxd5 $11 Qe3+ 18. Be2) 17... Qxg4 $15 18. cxd5 exd5 19. Qb3 Bc5 (19... Be7 $5 20. Be2 Qh3 $15) 20. Be2 Qh3 21. Qxd5 Bxd4 22. Qxd4 Nb6 23. Bf1 Qh5 24. Bg2 Bh3 25. Qe4 Bxg2 26. Qxg2 Rad8 27. O-O Nc4 28. Qxb7 Rd3 29. Qe4 Rxc3 (29... Qg6
$11 30. Qxg6 (30. Qxc4 Rxg3+ 31. hxg3 Qxg3+ 32. Kh1 Qh3+ 33. Kg1 Qg3+ 34. Kh1
Qh3+ 35. Kg1 Qg3+ $11) 30... hxg6) 30. Be1 $1 $18 Rh3 {
[%emt 0:01:13] White must now prevent ...Ne3.} 31. Qxc4 Rxh2 32. Bg3 Rd2 33. Rf2 Rxf2 34. Kxf2 Qf5 35. Rc1 h5 36. Qc2 Qh3 {
[%emt 0:00:09] [#]} 37. f5 $1 {[%emt 0:01:37] Threatens to win with Rg1.} h4 $2 (37... Rd8 $16 {is more resistant.}) 38. Bf4 Qg4 39. Qe4 Rd8 40. Re1 Kh8 $2 (40... h3 41. e6 fxe6 42. fxe6 (42. f6
h2 $16) 42... Rf8) 41. e6 fxe6 42. fxe6 Rf8 43. Ke3 Qh3+ 44. Ke2 $2 (44. Kd2 $18 Qa3 45. e7 Qxa2+ 46. Ke3 Qb3+ 47.
Ke2) 44... Qg4+ $1 $11 45. Ke3 $2 (45. Qf3
$11 Qxe6+ 46. Kf2) 45... Qh3+ $18 46. Kd4 Rd8+ 47. Ke5 {[%emt 0:00:00] Hoping for e7.} (47. Kc4 Qa3 48.
Bc7 Qa4+ 49. Kc5 Qa3+ 50. Kb5 Qb2+ 51. Kc6 Qc3+ 52. Kb7 Qb2+ 53. Kxa7 Qxa2+ 54.
Kb7 Ra8 $18) 47... Re8 48. Kd6 (48. Qc6 $18
Rf8 49. Re4) 48... Qa3+ $11 49. Kc6 {[%emt 0:00:33] aiming
for e7.} Qa6+ 50. Kc5 Rc8+ 51. Kb4 Qxa2 $2 {[%emt 0:00:33] [#]} (51... Rc6 $11 52. Qxc6 (
52. e7 {gets mated.} Qb7+ 53. Ka3 Rc3+ 54. Ka4 Qa6+ 55. Kb4 Qa3+ 56. Kb5 Rc5#)
52... Qxc6) 52. Be5 $2 (52. Re2 $1 $18 a5+ 53.
Kb5) 52... a5+ {[%emt 0:01:57] The position is equal.} 53. Kb5 {[%emt 0:00:03]
[%cal Ye5g7] Threatening mate with Bxg7+!} Qb3+ 54. Kxa5 {
[%emt 0:00:00][%cal Ye5g7] Strongly threatening Bxg7+!} Rc5+ 55. Ka6 Qxe6+ 56. Kb7 {[%emt 0:00:01][%cal
Ye5g7] Bxg7+! would kill now.} Qd7+ (56... Kg8 $5 57. Bh2 Qd7+
58. Kb6 Rb5+ 59. Ka6 Rc5 $11) 57. Kb6 Qb5+ 58. Ka7 Qa5+ 59. Kb7 {[%emt 0:00:
00][%cal Ye5g7] Intending Bxg7+! and mate.} Qb5+ {[%emt 0:03:17] Weighted
Error Value: White=0.57/Black=0.20 (precise)} (59... Kg8 $5 60. Bh2 (60. Bd6 {
leads to mate.} Qb5+ 61. Ka7 Qd7+ 62. Qb7 Ra5+ 63. Kb8 Qd8+ 64. Qc8 Rb5+ 65.
Ka7 Qxc8) 60... Qb5+ 61. Ka7 Rc4 62. Qe8+ Qxe8 63. Rxe8+ Kf7 $11) 1/2-1/2

[Event "44th Chess Olympiad Open 2022"]
[Site "Chennai"]
[Date "2022.08.01"]
[Round "4.30"]
[White "Cabezas Solano, David Alejandro"]
[Black "Subelj, Jan"]
[Result "0-1"]
[WhiteElo "2196"]
[BlackElo "2498"]
[Annotator "TA"]
[PlyCount "76"]
[EventDate "2022.??.??"]
[TimeControl "60"]

1. d4 d5 2. Nf3 Nf6 3. g3 Bf5 4. Bg2 e6 5. c4 c6 6. Nc3 h6 7. O-O Be7 8. Qb3 Qb6 9. c5 Qc7 {[%emt 0:03:11] D11: Slav Defence: 3 Nf3
sidelines and 3...Nf6 4 e3 Bg4.} 10. Bf4 Qc8 11. Rac1 O-O {[%emt 0:00:32] The position is equal.} 12. Ne5 Nbd7 {[%emt 0:01:26] [#]} 13. Nxd7 $146 ({
Predecessor:} 13. Nd3 Re8 14. Rfe1 g5 15. Bd2 Ne4 16. Nxe4 dxe4 17. Ne5 {
½-½ (31) Medina Masdeu,R (2160)-Ibanez Tarradellas,E (2219) Barcelona 2019})
13... Qxd7 14. f3 Bh7 15. g4 Qc8 16. Bg3 Nd7 17. f4 b6 18. cxb6 Nxb6
{[%emt 0:03:05] Hoping for ...Nc4.} 19. e4 Qd7 (19... Nc4 {is interesting.} 20. exd5 Nd2 21. Qd1 Nxf1 22. Qxf1
Qb8) 20. Qd1 Rad8 21. e5 c5 22. Bf2 c4 23. Be3 Bd3 24. Rf2 f6 25.
Bf1 (25. exf6 $15 Rxf6 26. Bf1) 25... fxe5 $17 26. fxe5 Rxf2 27. Bxf2 Bh7
{[%emt 0:00:56] Black is more active.} (27... Bg5 $142 28. Ra1 Bg6) 28. Be3 Rf8 29. Bg2 Bd3 30. Ne2 {[%emt 0:02:24] [#]} (30. h3 $17 {might work better.}) 30... Qa4 ({Black should try} 30... Qb5 $1 $19 31. Qd2 Na4
) 31. Nf4 $2 {[%emt 0:01:32] Loses the game.} (31. Qxa4 $17 Nxa4 32. Nf4) 31...
Qxd1+ $19 {[%emt 0:00:00] Black is clearly winning.} 32. Rxd1 Bg5 33. Nxe6 (33. Nxd3 $142 Bxe3+ 34. Kh1)
33... Bxe3+ 34. Kh1 Rf2 35.
Nc7 Bxd4 36. e6 Kf8 37. Re1 Ke7 38. a4 a5 {[%emt 0:00:00] Weighted Error Value: White=0.64/ Black=0.11 (very
precise)} 0-1

[Event "44th Chess Olympiad Open 2022"]
[Site "Chennai"]
[Date "2022.08.01"]
[Round "4.31"]
[White "Morovic Fernandez, Ivan"]
[Black "Boudriga, Mohamed Ali"]
[Result "1/2-1/2"]
[WhiteElo "2489"]
[BlackElo "2308"]
[Annotator "TA"]
[PlyCount "63"]
[EventDate "2022.??.??"]
[TimeControl "60"]

1. d4 d5 2. c4 c6 3. Nf3 Nf6 4. e3 e6 5. Bd3 Nbd7 6. O-O Bd6 7. Nbd2 O-O 8. e4 e5 9. cxd5 cxd5 10. exd5 exd4 11. Ne4 Nxe4 12. Bxe4 Nf6 13. Bg5 h6 {[%emt 0:00:00] D30:
Queen's Gambit Declined: Systems without Nc3.} 14. Bxf6 Qxf6 15. Qxd4 Qxd4 {[%emt 0:02:39] White has an
edge.} 16. Nxd4 Bd7 17. Rad1 g6 {[%emt 0:04:05] [#]} 18. Bd3 $146 ({Predecessor:} 18. g3
Rac8 19. Kg2 Rfe8 20. Bf3 Kg7 21. Rd3 Kf6 22. h3 h5 23. h4 Rc7 24. Kh2 {
0-1 (34) Volkov,S (2622)-Potkin,V (2534) Abu Dhabi 2005}) 18... a6 19. Rc1 Rfe8 20. Nb3 Re5 21. f4 {[%emt 0:07:39] 
[#]} (21. Nc5 $11 {remains equal.} Rxd5 22. Nxd7 Rxd3 23. Rfd1 Rxd1+ 24. Rxd1)
21... Re3 $1 $17 ({Of course not} 21... Rxd5 22. Be4 Rb5 23.
Rcd1 $11) 22. Rc3 Rc8 23. Rxc8+ Bxc8 {[%emt 0:00:02] This bishop pair is nice.} 24. Rc1 {[%emt 0:00:44] 
[#]} Bd7 25. Bf1 Bxf4 {[%emt 0:00:49][%cal
Ye3b3] Threatens to win with ...Rxb3!} 26. g3 {[%emt 0:00:00] [#]} Rxb3 $1 27. gxf4 Rxb2 {[%emt 0:00:04] KRB-KRB} 28. Rc7 Bb5 (28... Bf5 $17 {...Kg7 is the strong
threat.} 29. d6 Rd2 30. Rxb7 Rxd6) 29. d6 $11 {[%emt 0:03:08][%cal Yd5d6,Yd6d7]
The position is equal.} Rd2 (29... Rxa2 $2 30. Bxb5 axb5 31.
d7 $18) 30. Bxb5 axb5 31. d7 {[%emt 0:00:32]
And now Rc8+ would win.} Kg7 32. Rxb7 {[%emt 0:00:37]
Weighted Error Value: White=0.12 (very precise) /Black=0.13 (very precise)}
1/2-1/2

[Event "44th Chess Olympiad Open 2022"]
[Site "Chennai"]
[Date "2022.08.01"]
[Round "4.31"]
[White "Lopez Silva, Hugo"]
[Black "Bouzidi, Ahmed"]
[Result "1-0"]
[WhiteElo "2403"]
[BlackElo "2148"]
[Annotator "TA"]
[PlyCount "102"]
[EventDate "2022.??.??"]
[TimeControl "60"]

1. e4 e5 2. Nf3 Nc6 3. Bc4 Bc5 4. c3 Nf6 5. d3 h6 6. Nbd2 d6 {[%emt 0:07:17]
The main line 6...d6 scores better than 6...0-0. C54: Giuoco Piano: 4 c3 Nf6,
main lines with 5 d4 and 5 d3.} ({Don't play} 6... d5 7. exd5 Ne7 8. Ne4 (8.
Nxe5 Bd6 $16) 8... Nxe4 9. dxe4 $16) 7. Nf1 O-O 8. Ng3 Be6 {[%emt 0:03:29] The position is equal.} 9. Bb3 Bb6 10. O-O d5 11. Qe2 {[%emt 0:29:16] [#]} dxe4 $146 ({Predecessor:} 
11... Re8 12. h3 dxe4 13. dxe4 Bxb3 14. axb3 Qd7 15. b4 a6 16. Nh4 Rad8 17. Qf3
Qd3 {½-½ (86) Tissir,M (2379)-Acor,C (2223) Chess.com INT 2020}) 12. dxe4 Bxb3 13. axb3 Qd7 14. b4 a6 15. Rd1 Qg4 16. Kf1 Rad8 17. Bd2 Rd7 18. Qc4 Re8 19. h3 Qe6 20. b3 (20.
Qxe6 $14 Rxe6 21. c4) 20... Qe7 21. Nf5 Qe6 22. Ng3 Qe7 23. Be1 Red8 24. Nf5 Qe8 25.
Rd2 Rxd2 26. Nxd2 Ne7 27. Nxe7+ Qxe7 28. Qe2 {
[%emt 0:00:45] Prevents Nh5.} Qe6 29. Qc4 Qd7 30. Nf3 Qe8 31. Ra2 Rd6 32. Rd2 Rc6 33. Qd3 Rd6 34. Qc4 Rc6 35. Qd3 Rd6 36. Qe2 Rxd2 37. Nxd2 Qc6 38. Qd3 Qb5 39. Nc4 a5 40. bxa5 Bxa5 41. b4 Bb6 42. Ke2 Ba7 43. Na5 Qb6 44.
c4 {[%emt 0:00:00] [#] Strongly threatening c5.} Nh5 ({
Better is} 44... c5 $1 $14) 45. g3 (45. Qd8+ $142 Kh7 46. Qd7)
45... Qe6 46. Qd8+ Kh7 47.
Qd5 {[%emt 0:00:00] Black must now prevent Qxe6.} Qxh3 48.
Qxe5 {[%emt 0:00:00] Hoping for c5.} Bb6 {[%emt 0:09:26] [#] A mistake that
costs the game.} (48... Qg2 $16 {was called for.}) 49. Nxb7 $18 g6 $2 (49... Qg2 50. c5 (50. Qxh5 Qxe4+ 51. Kf1 Qxb7 $16)
50... Nxg3+ 51. Qxg3 Qxe4+ 52. Qe3 Qxb7 53. cxb6 cxb6) 50. c5 {[%emt 0:00:00]
[%cal Yc4c5,Yc5b6] Active counter play!} Qc8 51. cxb6 Qxb7 {[%emt 0:00:00] Weighted Error Value: White=0.05 
(flawless) /Black=0.17 (very precise)} 1-0

[Event "44th Chess Olympiad Open 2022"]
[Site "Chennai"]
[Date "2022.08.01"]
[Round "4.31"]
[White "Zaibi, Amir"]
[Black "Henriquez Villagra, Cristobal"]
[Result "0-1"]
[WhiteElo "2398"]
[BlackElo "2620"]
[Annotator "TA"]
[PlyCount "64"]
[EventDate "2022.??.??"]
[TimeControl "60"]

1.
c4 e6 2. Nf3 d5 3. d4 Nf6 4. g3 Bb4+ 5. Bd2 Be7 6. Bg2 O-O 7. O-O Nbd7 8.
Qc2 c6 9. Rc1 {[%emt 0:06:13] E11:
Bogo-Indian.} a5 10. Bf4 h6 {[%emt 0:09:25] 
[#]} 11. Nc3 $146 {[%emt 0:11:44] The position is equal.} ({Predecessor:} 11.
a4 Nh5 12. Bd2 Nhf6 13. Bf4 Nh5 14. Bd2 Nhf6 15. b3 b6 16. cxd5 cxd5 17. Bf4
Ba6 {1-0 (42) Baryshpolets,A (2569)-Predojevic,B (2604) Chess.com INT 2020})
11... dxc4 12. Nd2 Nb6 13.
e4 (13. Rd1 $11) 13... g5 (13... Qxd4 $17 14.
Rd1 Nfd7) 14. Be3 $1 $11 Ng4 15. e5 c5 16. Qe4 Nxe3 17.
fxe3 cxd4 18. exd4 Bd7 19. Qxb7 Rb8 $36 {[%emt 0:03:13] Black fights
for an advantage.} 20. Qe4 {[%emt 0:01:14] [#]} ({White should play} 20. Qf3
$15) 20... Bc6 $1 $17 21. Qxc6 Qxd4+ 22. Kh1 {[%emt 0:00:06][%cal Yc6c7] Strongly threatening Qc7!}
Qxd2 23. Rf1 {[%emt 0:06:53] This costs White the game.} (23.
Rab1 $17) 23... Qxb2 $19 24. Qf3 Nd7 25. Rae1 Bb4 26. Qh5 $2 {[%emt 0:00:53] [#]} (26. Nd1 Qxa2 27. Re2) 26... Qxc3 ({Not} 26... Bxc3 $2 27. Qxh6 Nxe5 28. Be4 $19) 27. Qxh6 Nxe5 28. a3 (28. Qxg5+ {
was necessary.} Ng6 29. Rxe6 fxe6 30. Qxg6+ Qg7 31. Qxe6+ Kh8 32. Qh3+ Qh7 33.
Qe6) 28... Nd3 {[%emt 0:05:09] Black is clearly winning.} ({And not} 28... Qxe1
29. Rxe1 Bxe1 30. Be4 $11) 29. axb4 Qg7 30.
Qxg7+ Kxg7 31. bxa5 Nxe1 32. Rxe1 c3 {[%emt 0:00:00] Weighted Error
Value: White=0.73/Black=0.21 (precise)} 0-1

[Event "44th Chess Olympiad Open 2022"]
[Site "Chennai"]
[Date "2022.08.01"]
[Round "4.31"]
[White "Amdouni, Zoubaier"]
[Black "Salinas Herrera, Pablo"]
[Result "0-1"]
[WhiteElo "2224"]
[BlackElo "2526"]
[Annotator "TA"]
[PlyCount "140"]
[EventDate "2022.??.??"]
[TimeControl "60"]

1. e4 c5 2. Nf3 e6 3. d4 cxd4 4. Nxd4 a6 5. Bd3 Bc5 6. Nb3 Ba7 7. O-O Nc6 8. Qg4 Qf6 {[%emt 0:04:38] B42:
Sicilian: Kan Variation: 5 Bd3.} 9. Bg5 Qg6 {[%emt 0:00:37] 
[#] And now ...h6 would win.} 10. Qh4 f6 {[%emt 0:
00:00] [#] White is slightly better.} 11. Bf4 $146 ({
Predecessor:} 11. Bd2 h5 12. h3 Ne5 13. Be2 Qh7 14. Nc3 g5 15. Qg3 h4 16. Qh2
Bb8 17. f4 {0-1 (47) Niemi,K (2295)-Sipila,V (2410) Helsinki 2022}) 11... h5 12. Be2 Qh7 {[%emt 0:17:59] White must now
prevent ...g5.} 13. Bd6 Ne5 (13... g5 $11 14.
Qg3 (14. Qh3 g4 $11) 14... Qxe4) 14. N1d2 $14 Nf7 15. Ba3 {[%emt 0:20:33][%cal Ye4e5] Hoping for e5!} Ne7 16. e5 (16. Rfe1 $14) 16... Nxe5 $15 17. Ne4 Nf5 18. Nd6+ Nxd6 19. Bxd6 g5 20. Qb4 Nc6 21. Qd2 {[%emt 0:02:24] White has compensation.} Bb8 22. Ba3 (22. Bxb8 $11 Rxb8 23. f4) 22... Qf5 23. Qd1 g4 24. Nc5 $2 (24. Bd6 $15) 24... b6 $19 25. Nb3 Bb7 26. Bd6 {[%emt 0:00:08] Inhibits Qe5.} Bxd6 (26... Ne5 $19 27. Bxb8 Rxb8) 27. Qxd6 $17 Qe5 (27... Qxc2 $2 28. Bd3 Qxb2 29. Bg6+ (29. Qc7 Nd8 $15) 29...
Kd8 30. Rfd1 $18) 28. Rad1 O-O-O 29. Qd2 Qc7 {[%emt 0:00:56] Black is more active.} 30. Qe3 Ne5 31. Nd4 h4 32. f4 gxf3 $1 33. Bxf3 Nxf3+ 34. Nxf3 Qc5 35. Qxc5+ bxc5 36. Rd6 Kc7 37. Rd2 Rdg8 38. Ne1 Rh6 39. Kf2 (39. Rf4 $142) 39... Be4 40. Ke3 d5 41. Rf4 (41. c4 {was worth a try.}) 41... f5 42. Nf3 $2 (42. Rf1 {keeps fighting.}) 42... d4+ $19 43. Kf2 e5 44. Nxe5 Rxg2+ 45. Ke1 h3 {[%emt 0:00:00] [#] ...Re6
is the strong threat.} 46. Nd3 Kd6 (46...
Bxd3 47. cxd3 Rg1+ 48. Kf2 $19) 47. Rff2 Re6 48. Kf1 {[%emt 0:00:55] Against Rg1+} Rg4 {[%emt 0:07:15] Strongly threatening
...Bg2+.} 49. Nf4 {[%emt 0:02:54] Inhibits Bg2+.} Rh6 50. b4 cxb4 {[%emt 0:02:20] aiming for ...Rh8.} 51. Rxd4+ Ke5 52. Rd8 Rc6 53.
Nd3+ $2 (53. Nxh3 {was called for.} Bxc2 54. Re2+ Be4 55. Nf2
Rc1+ 56. Rd1 Rxd1+ 57. Nxd1) 53... Kf6 (53... Bxd3+ $142 54.
Rxd3 Rg2) 54. Ke1 $2 (54. Re2) 54... a5 55.
Rd4 (55. Rh8 $142 Rg1+ 56. Kd2) 55... Rc3 56.
Kd2 Ra3 57. Nc5 Ke5 58. Rd8 Rg2 59. Re8+ Kd5 60. Nxe4 fxe4 {[%emt 0:
00:04] Endgame KRR-KRR} 61. Rd8+ Kc5 62. Rc8+ Kb5 63. Rb8+ Ka4 64. Rxg2 hxg2 {[%emt 0:00:00] KR-KR} 65. Rg8 Rxa2 {[%emt 0:01:01] ( -> ...b3)} 66. Rxg2 b3 {
[%emt 0:01:43] Black mates.} 67. Kc1 Ka3 68.
Kb1 e3 69. Re2 Rb2+ 70. Ka1 Rxc2 {[%emt 0:00:00] Weighted Error
Value: White=0.61/Black=0.26 (precise)} 0-1

[Event "44th Chess Olympiad Open 2022"]
[Site "Chennai"]
[Date "2022.08.01"]
[Round "4.32"]
[White "Stefansson, Hannes"]
[Black "Okeke Issac"]
[Result "1-0"]
[WhiteElo "2541"]
[BlackElo "2204"]
[Annotator "TA"]
[PlyCount "31"]
[EventDate "2022.??.??"]
[TimeControl "60"]

1.
d4 Nf6 2. c4 e6 3. Nf3 b6 4. g3 Ba6 5. b3 Bb4+ 6. Bd2 Be7 7. Nc3 c5 {[%emt 0:01:54] 7...d5
is a critical line. E15: Queen's Indian: 4 g3 sidelines, 4 g3 Ba6 and 4 g3 Bb7
early deviations.} 8. Bg2 Bb7 9. d5 exd5 {[%emt 0:01:19] [#] White is slightly better.} 10. Nh4 $1 O-O 11. Nf5 d6 {[%emt 0:00:
00] [#]} 12. Bf4 $146 {[%emt 0:01:20] 0x0.00249769fb0adp-1022s more active
pieces.} ({Reject} 12. Nxd5 Nxd5 13. Bxd5 Bxd5 14. cxd5 h5 $11) ({Predecessor:
} 12. O-O Ne4 13. Nxe4 dxe4 14. Bf4 Bf6 15. Rc1 Be5 16. Bxe5 dxe5 17. Qc2 Qf6
18. Bxe4 {½-½ (80) Kovanova,B (2324)-Shafigullina,Z (2296) Sochi 2020}) 12...
Qd7 13. Nxe7+ Qxe7 14. Nxd5 Nxd5 15. Bxd5 {[%emt 0:00:10][%cal Yf4d6]
Strongly threatening Bxd6! A strong pair of Bishops.} Rd8 {[%emt 0:05:51] [#]}
(15... Nc6 $11) 16. Bg5 $1 {[%emt 0:01:33] Weighted Error Value: White=0.03 
(flawless) /Black=0.84} 1-0

[Event "44th Chess Olympiad Open 2022"]
[Site "Chennai"]
[Date "2022.08.01"]
[Round "4.32"]
[White "Gretarsson, Helgi Ass"]
[Black "Kigigha, Bomo"]
[Result "1-0"]
[WhiteElo "2472"]
[BlackElo "2251"]
[Annotator "TA"]
[PlyCount "61"]
[EventDate "2022.??.??"]
[TimeControl "60"]

1. c4 c6 2.
d4 d5 3. Nc3 Nf6 4. e3 e6 5. Nf3 Nbd7 6. Qc2 b6 7. Be2 Bb7 8. O-O Bd6 9.
Rd1 Qe7 10. b3 O-O 11. Bb2 Rfd8 {[%emt 0:04:43] is the new trend. D45:
Semi-Slav: 5 e3.} 12. Rac1 {[%emt 0:04:36] [#]} dxc4 $146 ({
Predecessor:} 12... Rac8 13. Bf1 Bb4 14. a3 Bd6 15. b4 dxc4 16. e4 Bf4 17. e5
Nd5 18. Ne4 c3 19. Bxc3 Bxc1 20. Rxc1 {0-1 (38) Najer,E (2648)-Smirnov,P (2544)
Chess.com INT 2020}) 13. bxc4 e5 {[%emt 0:00:22] White has an
edge.} 14. Bd3 {[%emt 0:01:47] White is more active.} g6 15.
Nd2 exd4 16. exd4 Re8 17. Nce4 Nxe4 18. Bxe4 (18. Nxe4 {feels hotter.} Bf4 19. Rb1 c5 20. d5) 18... Nf6 19. Bf3 Qc7 20.
g3 h5 {[%emt 0:01:37] Loses the game.} (20... Rad8 $14) 21. c5
$18 Be7 22. cxb6 Qxb6 (22... Qd7 $142 23. bxa7 (23. Bxc6 Bxc6 24. Qxc6 Qxc6 $14)
23... Rxa7) 23. Nc4 Qd8 24. Ne5 Rc8 $2 (24... Nd5 {is more resistant.} 25. Nxg6 (25. Nxc6
Qd7 $18) 25... Bg5) 25. Nxg6 fxg6 $2 (25...
Qd7 $18 26. Nxe7+ Rxe7) 26. Qxg6+ {[%emt 0:00:00] White mates.} Kf8 27. d5 cxd5 28. Rxc8 Bxc8 {[%emt 0:02:50] [#]} 29. Bxd5 $1 Be6 {[%emt 0:00:04] [#]} (29... Qxd5 30. Rxd5) 30. Bxe6 $1 {[%emt 0:00:00]
[%csl Ge6][%cal Rg6f7] Discovered Attack} Qxd1+ 31. Kg2 {
[%emt 0:00:00] Weighted Error Value: White=0.19 (very precise) /Black=0.68} 1-0

[Event "44th Chess Olympiad Open 2022"]
[Site "Chennai"]
[Date "2022.08.01"]
[Round "4.32"]
[White "Adebayo, Adegboyega"]
[Black "Petursson, Margeir"]
[Result "1/2-1/2"]
[WhiteElo "2313"]
[BlackElo "2450"]
[Annotator "TA"]
[PlyCount "89"]
[EventDate "2022.??.??"]
[TimeControl "60"]

1. d4 d5 2. Bf4 Nf6 3. e3 e6 4. Nf3 c5 5. c3 Nc6 6. Nbd2 Bd6 7. Bg3 O-O 8. Bd3 b6 9. Qe2 {[%emt 0:03:01] now supersedes 9.Ne5. D02:1 d4 d5 2 Nf3 sidelines,
including 2...Nf6 3 g3 and 2...Nf6 3 Bf4.} Qc7 10. dxc5 bxc5 11. e4 {[%emt 0:00:33] [#] aiming for
Bxd6.} Nd7 12. O-O {[%emt 0:09:33] [#]} Bxg3 $146 ({Predecessor:} 12... Nce5 13. Nxe5 Nxe5 14. Rfe1 Bb7 15. Bxe5 Bxe5 16.
exd5 Bxh2+ 17. Kh1 Bd6 18. dxe6 Rae8 19. exf7+ Qxf7 {½-½ (50) Laux,D (1987)
-Schnabel,L (1753) Wuerzburg 2018}) 13. hxg3 Rb8 14. b3 {[%emt 0:01:59][%cal Yb2b3,Yb3c4] Prevents c4.} Nde5 15. Nxe5 Nxe5 16. Nf3 Nxd3 17. Qxd3 c4 18. bxc4 dxe4 (18... Ba6 $5 19. Nd2 dxe4
20. Qxe4 Rfd8 $15) 19. Qxe4 {[%emt 0:01:06] The position is equal.} Bb7 20. Qe3 a5 21. Rfd1 Bxf3 22. gxf3 Qxc4 23. Rd4 Qc5 24. Rad1 h6 25. Kg2 Rb2 26. R1d2 Rb1 27. Qd3 Rc1 28. c4 g6 29. Rd1 (29.
Re2 {is interesting.} Qh5 30. Rh4 Qf5 31. Rhe4) 29... Rxd1 30.
Qxd1 $11 {[%emt 0:00:08] Endgame KQR-KQR} h5 31. Rd8 Rxd8 32. Qxd8+ {[%emt 0:00:04] KQ-KQ} Kg7 33. Qd3 a4 34. Qc2 a3 35. Qb3 Kf6 36. f4 Qc6+ 37. Kh2 {[%emt 0:02:51] Black must now prevent
Qc3+.} Qc5 38. Kg2 Ke7 39.
Qb7+ Ke8 40. Kf3 Kf8 41. Qb8+ Ke7 42. Qb7+ Kf6 43. Qb3 Ke7 44. Qb7+ Kf6 45. Qb3 {[%emt 0:00:00]
Weighted Error Value: White=0.04 (flawless) / Black=0.04 (flawless)} 1/2-1/2

[Event "44th Chess Olympiad Open 2022"]
[Site "Chennai"]
[Date "2022.08.01"]
[Round "4.32"]
[White "Balogun, Oluwafemi"]
[Black "Kjartansson, Gudmundur"]
[Result "1/2-1/2"]
[WhiteElo "2274"]
[BlackElo "2448"]
[Annotator "TA"]
[PlyCount "114"]
[EventDate "2022.??.??"]
[TimeControl "60"]

1. e4 c5 2. Nf3 d6 3. d4 cxd4 4. Nxd4 Nf6 5. Nc3 a6 6. Be3 e5 7. Nb3 Be7 8. h3 {[%emt 0:01:29] B90: Sicilian
Najdorf: Unusual White 6th moves, 6 Be3 Ng4 and 6 Be3 e5.} O-O 9. g4 Be6 10. g5 {[%emt 0:05:44] White is
slightly better.} Ne8 {[%emt 0:06:11] [#]} 11. Rg1 $146 ({
Predecessor:} 11. h4 Nd7 12. Qd2 Nc7 13. O-O-O a5 14. a4 b5 15. Nxb5 Nxb5 16.
Bxb5 Qc7 17. Qc3 Qxc3 18. bxc3 {1-0 (41) Ter Sahakyan,S (2593)-Gabuzyan,H 
(2589) Martuni 2015}) 11... Nc7 12. Qf3 a5 13. a4 Nc6 14. O-O-O Nb4 (14... b5 $5) 15. Nc5 $1 Qe8 (15... Bc8 $14) 16. Nxe6 $16 fxe6 17. Qg3 Qg6 (17... Rd8 $16)
18. h4 $18 Rfc8 (18... Rad8 {was worth a try.
} 19. Bb6 Rc8) 19. h5 Qxh5 20. g6 (20. Bh3 $18) 20... Qxg6 $14 21. Qh2 Qf7 22. Be2 {[%emt 0:00:50] Bh5 is the strong threat.} (22.
Rh1 $5 ) 22... Ne8 $1 23. Bh5 (
23. Rh1 Nf6 $15) 23... g6 24. Bxg6 hxg6 25. Qh6 Bf8 26. Rxg6+ $40 {[%emt 0:01:20] White attacks.} Bg7 $1 {[%emt 0:00:15]
Hoping for ...Kf8.} 27. Rh1 {[%emt 0:06:21][%csl Gh1][%cal Rh6h8] Dancing on a
razor blade.} Kf8 $1 28. Qg5 Bf6 $1 29. Qg4 (29. Qh6+ $11 {and White is okay.} Bg7 30. Qg5
) 29... Ke7 $2 ({Black should try} 29... d5 $1 $19 {[%cal
Rd5d4] aiming for ...d4.} 30. exd5 exd5) 30. Rhh6 $11 Kd7 $1 31. Kb1 Kc6 32. Qf3 {[%emt 0:
00:35] White has compensation.} (32. Qe2 $2 Bg7 33. Rxg7 (33. Rxe6 $2 Bxh6 34.
Rxh6 Kc7 $19) (33. Qb5+ $2 Kc7 $19) 33... Nxg7 $19) 32... Qe7 (32... Kd7 33. Rxf6 Nxf6 34. Rxf6 $18) (32... Rc7 $11 {remains equal.} 33. Rxf6
(33. Qe2 Re7 $15) 33... Nxf6 34. Rxf6 Qe7) 33. Nb5 $1 $16 ({
Much worse is} 33. Qe2 Kc7 $15) 33... b6 {[%emt 0:00:39] [#]} 34. c3 {[%emt 0:
00:44] White is much more active.} (34. Qh3 $1 $16 {And now Rh7 would win.} Qf7
35. Qh5) 34... Na6 $1 $11 35. Qh3 Nac7 $2 (35... Qf7 $11 36. Qf3 (36. Qf1 $2 Bg7 $19) 36... Qd7) 36. Rh7
$18 Qd8 37. Qf1 $2 (37. Rg8
$18) 37... d5 $2 (37... Kb7 $16) 38. f4 Nd6
$2 (38... d4) 39. exd5+ exd5 40. fxe5 Bxe5 41. Qd3 {[%emt 0:18:56]
Threatening mate with Bd4.} Bf6 42. Bg5 Bxg5 43. Nxd6 Qxd6 44. Rxd6+ Kxd6 45. Qg3+ Kc6 46. Qxg5 {[%emt 0:00:00][%cal Yc3c4] Threatens to win with c4!} Rd8 47. c4 (47. b4 $142 axb4 48. cxb4) 47... dxc4 48. Qf6+ Rd6 49. Qf7 (49. Qf4 $142 Rc8 50. Ka2) 49... Rc8 {[%emt 0:00:35] [#]} 50.
Qxc4+ $2 (50. Qf4 $1 $18 {and the rest is easy.}) 50... Kb7
$16 51. Qe4+ Kb8 52. Qf4 (52. Qe7 $142 Rc6 53. Qd7) 52... Rc6 (52...
Rcd8 $142 53. Qf7 Rc6) 53. Qe5 (53. Rd7 $142) 53... Rd8 54. Qf4 ({White should play} 54. Ka2 $16)
54... Rd1+ (54... Rc8 $1 $11 55. Rd7 Re8) 55. Ka2 Rd8 56. Qe5 Re8 57. Qf4 Rd8 {[%emt 0:00:00] Weighted Error Value: White=0.53/Black=0.
45} 1/2-1/2